 Dungeon Crawl Stone Soup version 0.29.1-13-g9f3cf754e1 (webtiles) character file.

Game seed: 4265665961465033585

67 protoss039 the Digger (level 4, 33/33 HPs)
             Began as a Demonspawn Earth Elementalist on Feb 11, 2023.
             Got out of the dungeon alive.
             The game lasted 00:03:25 (2389 turns).

protoss039 the Digger (DsEE)                        Turns: 2389, Time: 00:03:26

Health: 33/33      AC:  2    Str:  9    XL:     4   Next: 0%
Magic:  8/8        EV: 12    Int: 18    God:
Gold:   93         SH:  0    Dex: 21    Spells: 2/8 levels left

rFire   + . .      SeeInvis .   e - +0 dagger
rCold   . . .      Faith    .   (no shield)
rNeg    + . .      Spirit   .   o - +0 robe {rN+}
rPois   .          Reflect  .   (no helmet)
rElec   .          Harm     .   (no cloak)
rCorr   .          Rampage  .   (no gloves)
Will    .....                   (no boots)
Stlth   +++.......              (no amulet)
HPRegen 0.11/turn               k - +6 ring of dexterity
MPRegen 0.11/turn               l - ring of protection from fire

@: no status effects
A: thin skeletal structure 1, demonic guardian 1, spiny 1
a: no special abilities


You escaped.
You visited 1 branch of the dungeon, and saw 3 of its levels.

You collected 93 gold pieces.

Inventory:

Hand Weapons
 a - a +3 dagger of venom
 e - a +0 dagger (weapon)
Armour
 o - a +0 robe of positive energy (worn)
Jewellery
 k - a +6 ring of dexterity (left hand)
 l - a ring of protection from fire (right hand)
Scrolls
 c - a scroll of identify {unknown}
 g - a scroll of noise {unknown}
 i - a scroll of enchant weapon {unknown}
 j - a scroll of immolation {unknown}
 m - 2 scrolls of enchant armour {unknown}
Potions
 b - a potion of magic
 d - a potion of ambrosia {unknown}
 f - a potion of brilliance {unknown}
 h - a potion of heal wounds {unknown}
 n - a potion of resistance {unknown}


   Skills:
 + Level 1.8 Fighting
 - Level 1.7 Dodging
 - Level 1.7 Stealth
 + Level 2.8 Spellcasting
 + Level 0.3 Conjurations
 - Level 0.8 Transmutations
 + Level 3.3 Earth Magic


You had 2 spell levels left.
You knew the following spells:

 Your Spells              Type           Power      Damage    Failure   Level
a - Sandblast             Erth           28%        2d8       4%          1
b - Passwall              Tmut/Erth      8%         N/A       11%         2
c - Stone Arrow           Conj/Erth      18%        3d8       24%         3

Your spell library contained the following spells:

 Spells                   Type           Power      Damage    Failure   Level
 Petrify                  Tmut/Erth      10%        N/A       56%         4


Dungeon Overview and Level Annotations

Branches:
Dungeon (3/15) Zot: 15590

Altars:

Shops:
D:1 :   D:2 ?


Innate Abilities, Weirdness & Mutations

You have a somewhat thin skeletal structure. (Dex +2, Stealth+)
A weak demonic guardian rushes to your aid.
You are partially covered in sharp spines.


Message History

A bat is nearby!
A bat comes into view.
A kobold comes into view. It is wielding a +3 dagger of venom.
The helpless bat fails to defend itself.
You puncture the bat!
You kill the bat!
You see here a bat corpse.
Casting: Sandblast (safe; 4% risk of failure)
Confirm with . or Enter, or press ? or * to list all spells.
Aiming: Sandblast (safe; 4% risk of failure)
Press: ? - help, Shift-Dir - straight line, f - kobold
Aim: a kobold, wielding a +3 dagger of venom (77% to hit)
The blast of sand misses the kobold.
Unknown command.
Casting: Sandblast (safe; 4% risk of failure)
Confirm with . or Enter, or press ? or * to list all spells.
Aiming: Sandblast (safe; 4% risk of failure)
Press: ? - help, Shift-Dir - straight line, f/p - kobold
Aim: a kobold, wielding a +3 dagger of venom (77% to hit)
The blast of sand hits the kobold!
You kill the kobold!
You have reached level 4!
You feel stronger.
Your demonic ancestry asserts itself...
You feel the presence of a demonic guardian.
Unknown command.
You see here a +3 dagger of venom.
a - a +3 dagger of venom You see here a bat corpse.
Magic restored.
There is a stone staircase leading up here.
You climb upwards.
There is a stone staircase leading down here.
There is an open door here.
There is a stone staircase leading up here.
You climb upwards.
There is a stone staircase leading down here.
There is an open door here.
There is a staircase leading out of the dungeon here.
Are you sure you want to leave the Dungeon?
This will make you lose the game!
You have escaped!

..................# #.....)....#
################### #########.##
# ################ #.#
#....>.........# #.# #####
#..............# #.## ....#
#..............# #... ###.#
#....##'##.....# #..# #.#
#...##...##....# #..#
#.######...#..@..#....# #..#
###..........##...##....#######.#
...#######....##+##.............#
##.# #................########..
#.####.#..............##########
#.......######................#
######..# ################.# #..#
#.# #..# #.#


There were no monsters in sight!

Vanquished Creatures
  2 adders
  3 worms (D:2)
  A dart slug (D:1)
  4 bats
  5 endoplasms
  2 giant cockroaches
  5 hobgoblins
  A quokka (D:1)
  4 ball pythons
  A goblin (D:2)
  5 kobolds
  6 rats
39 creatures vanquished.

Notes
Turn   | Place    | Note
-------+----------+-------------------------------------------
     0 | D:1      | protoss039 the Demonspawn Earth Elementalist began the
                  | quest for the Orb.
     0 | D:1      | Reached XP level 1. HP: 13/13 MP: 3/3
    63 | D:1      | Found Iteicwiw's Book Emporium.
   375 | D:1      | Gained mutation: You have a somewhat thin skeletal
                  | structure. (Dex +2, Stealth+) [demonic ancestry]
   375 | D:1      | Reached XP level 2. HP: 20/20 MP: 0/5
   663 | D:1      | Reached skill level 1 in Fighting
   663 | D:1      | Reached skill level 3 in Earth Magic
  1148 | D:1      | Learned a level 2 spell: Passwall
  1235 | D:2      | Gained mutation: You are partially covered in sharp spines.
                  | [demonic ancestry]
  1235 | D:2      | Reached XP level 3. HP: 16/26 MP: 4/6
  1572 | D:2      | Found Nucegal's Magic Scroll Shop.
  1899 | D:2      | Found a faded altar of an unknown god.
  2123 | D:2      | Learned a level 3 spell: Stone Arrow
  2332 | D:3      | Gained mutation: A weak demonic guardian rushes to your
                  | aid. [demonic ancestry]
  2332 | D:3      | Reached XP level 4. HP: 33/33 MP: 5/8
  2389 | D:$      | Got out of the dungeon alive.

Illustrated notes

Levels and vault maps discovered:
D:1:      dpeg_arrival_shelter, layout_loops_ring, serial_shops,
          nicolae_shop_advertising_works [nicolae_subvault_shop_adworks]
D:2:      layout_rooms, serial_shops, nicolae_shop_hallway_stairs,
          shapermc_ecumenical_altar_ellora
D:3:      layout_basic

Skill      XL: |  1  2 |
---------------+-------+-----
Fighting       | 1 |  1.8
Earth Magic    | 3 |  3.3
Dodging        | |  1.7
Stealth        | |  1.7
Spellcasting   | |  2.8
Conjurations   | |  0.3
Transmutations | |  0.8

Action                   |  1- 3 |  4- 6 || total
-------------------------+-------+-------++-------
Melee: Dagger            |    38 |       ||    38
       Punch             |     1 |       ||     1
 Cast: Sandblast         |    41 |       ||    41
 Stab: Sleeping          |    11 |       ||    11
Armor: Robe              |     4 |       ||     4
Dodge: Dodged            |    29 |       ||    29
